 Dungeon Crawl Stone Soup version 0.28-a0-662-g1651b1f1e0 (webtiles) character file.

Game seed: 417818211444970932

553 siradein the Grave Robber (level 7, 0/36 HPs)
             Began as a Deep Elf Necromancer on Oct 15, 2021.
             Slain by an orc warrior (20 damage)
             ... on level 6 of the Dungeon.
             The game lasted 00:18:13 (7520 turns).

siradein the Grave Robber (Deep Elf Necromancer)    Turns: 7520, Time: 00:18:14

Health: 0/36       AC:  4    Str:  5    XL:     7   Next: 8%
Magic:  9/18       EV: 14    Int: 22    God:
Gold:   179        SH:  5    Dex: 15    Spells: 1/18 levels left

rFire   . . .      SeeInvis .   r - +1 rapier (drain)
rCold   . . .      Faith    .   (no shield)
rNeg    . . .      Spirit   .   a - +0 robe
rPois   .          Reflect  +   (no helmet)
rElec   .          Harm     .   (no cloak)
rCorr   .          Rampage  .   A - +0 pair of gloves
Will    .....                   o - +0 pair of boots
Stlth   ++........              g - amulet of reflection
HPRegen 0.12/turn               (no ring)
MPRegen 0.16/turn               (no ring)

@: no status effects
A: no striking features
a: no special abilities


You were on level 6 of the Dungeon.
You visited 1 branch of the dungeon, and saw 6 of its levels.

You collected 207 gold pieces.
You spent 28 gold pieces at shops.

Inventory:

Hand Weapons
 r - a +1 rapier of draining (weapon)
Missiles
 l - 10 datura-tipped darts
 m - 47 poisoned darts
Armour
 a - a +0 robe (worn)
 o - a +0 pair of boots (worn)
 A - a +0 pair of gloves (worn)
Magical Staves
 w - a staff of poison
Jewellery
 g - an amulet of reflection (around neck)
Wands
 i - a wand of paralysis (3)
 s - a wand of iceblast (7)
Scrolls
 d - 2 scrolls of vulnerability
 e - 3 scrolls of teleportation
 k - a scroll of amnesia {unknown}
 v - a scroll of enchant armour {unknown}
 y - a scroll of silence {unknown}
 z - a scroll of brand weapon {unknown}
Potions
 b - a potion of degeneration {unknown}
 c - 2 potions of magic
 f - 2 potions of lignification {unknown}
 h - a potion of haste
 j - a potion of brilliance {unknown}
 n - a potion of might {unknown}
 p - a potion of flight {unknown}
 q - 3 potions of curing
 t - a potion of ambrosia {unknown}
 u - a potion of mutation {unknown}
 x - 2 potions of heal wounds {unknown}


   Skills:
 + Level 5.6 Dodging
 - Level 2.4 Stealth
 + Level 6.3 Spellcasting
 + Level 7.0 Necromancy
 + Level 1.1 Fire Magic


You had one spell level left.
You knew the following spells:

 Your Spells              Type           Power      Damage    Failure   Level
a - Pain                  Necr           100%       1d9       1%          1
b - Vampiric Draining     Necr           19%        2d8       1%          3
c - Animate Dead          Necr           19%        N/A       4%          4
d - Agony                 Necr           38%        N/A       14%         5
e - Sticky Flame          Conj/Fire      9%         2d3       56%         4

Your spell library contained the following spells:

 Spells                   Type           Power      Damage    Failure   Level
 Animate Skeleton         Necr           76%        N/A       1%          1
 Excruciating Wounds      Necr           19%        N/A       14%         5
 Conjure Flame            Conj/Fire      9%         6-21      22%         3
 Ignite Poison            Fire/Tmut/Pois 8%         N/A       22%         3
 Inner Flame              Hex/Fire       9%         N/A       22%         3
 Cause Fear               Hex            3%         N/A       65%         4
 Discord                  Hex            3%         N/A       100%        8


Dungeon Overview and Level Annotations

Branches:
Dungeon (6/15)
 Temple: D:4-7

Altars:
Trog
Zin

Shops:
D:1 (   D:5 :?=([


Message History

The orc warrior shouts!
Aiming: Pain (safe; 1% risk of failure)
Press: ? - help, Q - select action, (/) - cycle Shift-Dir - straight line, f - orc
Aim: an orc, wielding a +0 war axe and wearing a +0 leather armour (wandering, hasn't noticed you, chance to affect: 93%)
The orc shouts!
The orc writhes in agony.
The orc wizard shouts!
Aiming: Pain (safe; 1% risk of failure)
Press: ? - help, Q - select action, (/) - cycle Shift-Dir - straight line, f/p - orc
Aim: an orc, wielding a +0 war axe and wearing a +0 leather armour (almost dead, chance to affect: 93%)
The orc writhes in agony.
You kill the orc!
Casting: Pain (safe; 1% risk of failure)
Confirm with . or Enter, or press ? or * to list all spells.
The spell is quite dangerous to cast (4% risk of failure)!
Continue anyway?
You call on the dead to rise...
The dead are walking!
The orc warrior hits your orc zombie with a +0 dire flail!!
Your orc zombie is destroyed!
Unknown command.
Casting: Animate Dead (quite dangerous; 4% risk of failure)
Confirm with . or Enter, or press ? or * to list all spells.
You can't see any susceptible monsters within range! (Use Z to cast anyway.)
Casting: Animate Dead (quite dangerous; 4% risk of failure)
Confirm with . or Enter, or press ? or * to list all spells.
The spell is extremely dangerous to cast (14% risk of failure)!
Continue anyway?
Aiming: Agony (extremely dangerous; 14% risk of failure)
Press: ? - help, Shift-Dir - straight line, f - orc warrior
Aim: an orc warrior, wielding a +0 dire flail and wearing a +0 chain mail (chance to affect: 96%)
The orc warrior convulses!
The orc warrior hits you with a +0 dire flail!
The orc wizard casts a spell.
The orc wizard flickers and vanishes!
Deactivating autopickup; reactivate with Ctrl-A.
Aiming: Pain (safe; 1% risk of failure)
Press: ? - help, Q - select action, (/) - cycle Shift-Dir - straight line, f/p - orc warrior
Aim: an orc warrior, wielding a +0 dire flail and wearing a +0 chain mail (heavily wounded, chance to affect: 84%)
The orc warrior writhes in agony.
The orc warrior hits you with a +0 dire flail!!
Ouch! That really hurt!
You die...

...........#.....................
#..##......#..###.#.####.#..# ..
#......#........#
####.###..###.#.# ##.###........#
......####.#.# ##.#..........#
##.#.#.####.#.#
####......{.o@...#
####...#.#.#.####.###
#.......)#.#.# #.#
.....o#..#.#.####.#
....####........#.# .####
#.#.#.####.# # #....... ...
...........# #......####.


You could see an orc warrior.

Vanquished Creatures
  A water moccasin skeleton (D:5)
  3 hounds (D:5)
  2 bullfrog skeletons
  2 orc priests (D:5)
  2 iguanas
  7 gnolls
  8 adders
  A white imp (D:6)
  An ufetubus (D:5)
  2 worms
  2 dart slugs
  12 orcs
  7 ball pythons
  3 endoplasms
  3 giant cockroaches
  4 goblins
  6 hobgoblins
  2 quokkas
  4 bats
  2 frilled lizards (D:1)
  7 kobolds
  6 rats
87 creatures vanquished.

Vanquished Creatures (collateral kills)
  A ball python (D:3)
  A hobgoblin (D:3)
  A kobold (D:3)
3 creatures vanquished.

Vanquished Creatures (others)
  A fungus (D:2)
  11 plants (D:2)
12 creatures vanquished.

Grand Total: 102 creatures vanquished

Notes
Turn   | Place    | Note
-------+----------+-------------------------------------------
     0 | D:1      | siradein the Deep Elf Necromancer began the quest for the
                  | Orb.
     0 | D:1      | Reached XP level 1. HP: 10/10 MP: 6/6
    74 | D:1      | Found Gyvvuet's Antique Weapon Shop.
   108 | D:1      | Reached skill level 5 in Necromancy
   439 | D:1      | Reached XP level 2. HP: 12/15 MP: 5/8
  1756 | D:2      | Found a faded altar of an unknown god.
  2029 | D:2      | Reached XP level 3. HP: 13/19 MP: 3/10
  2258 | D:2      | Learned a level 3 spell: Vampiric Draining
  2365 | D:2      | Found a glowing silver altar of Zin.
  3177 | D:3      | Reached XP level 4. HP: 19/24 MP: 7/12
  3182 | D:3      | Learned a level 4 spell: Animate Dead
  4102 | D:3      | Found a bloodstained altar of Trog.
  4385 | D:4      | Reached XP level 5. HP: 26/28 MP: 10/14
  4500 | D:4      | Reached skill level 6 in Necromancy
  4506 | D:4      | Reached skill level 5 in Spellcasting
  5098 | D:5      | Entered Level 5 of the Dungeon
  5098 | D:5      | Found Vacialil's Antique Weapon Boutique.
  5214 | D:5      | Found Naotaiba's Book Emporium.
  5265 | D:5      | Reached XP level 6. HP: 32/32 MP: 8/16
  5271 | D:5      | Learned a level 5 spell: Agony
  5412 | D:5      | Reached skill level 5 in Dodging
  6406 | D:5      | Found Tonoduw's Magic Scroll Shoppe.
  6409 | D:5      | Bought a scroll of identify for 28 gold pieces
  6549 | D:5      | Learned a level 4 spell: Sticky Flame
  6610 | D:5      | Found Zesoloj's Jewellery Boutique.
  6749 | D:5      | Found Mecia's Armour Shoppe.
  7286 | D:6      | Reached XP level 7. HP: 33/36 MP: 10/18
  7292 | D:6      | Reached skill level 7 in Necromancy
  7292 | D:6      | Reached skill level 1 in Fire Magic
  7520 | D:6      | Slain by an orc warrior

Illustrated notes

Levels and vault maps discovered:
D:1:      ncdulo_watergridlock, layout_basic, serial_shops, nicolae_shop_trees,
          serial_corexii_hall, corexii_hall_statues_deadend,
          corexii_hall_statues_x
D:2:      layout_loops_cross, basic_altar,
          shapermc_ecumenical_altar_mp_urbaneastern, serial_forest,
          infiniplex_forest_end_3, infiniplex_forest_join,
          infiniplex_forest_lined_corner, infiniplex_forest_straight_3,
          minmay_3d_cube
D:3:      layout_loops_ring, trog_hazing_becter
D:4:      layout_loops_ring
D:5:      layout_gridville, serial_shops, shop, shop_statue,
          nicolae_take_the_stairs, shop_fountains, nicolae_shop_window_shopping,
          serial_rivers, chequers_serial_rivers_room_b,
          chequers_serial_rivers_small_b, chequers_serial_rivers_large_b,
          chequers_serial_rivers_small_3, chequers_serial_rivers_micro_e,
          uniq_sigmund
D:6:      layout_basic, temple_hall, serial_curves, eino_curves_04,
          eino_curves_04, hangedman_decor_clover_reticule, uniq_duvessa

Skill      XL: |  1  2  3  4  5  6  7 |
---------------+----------------------+-----
Necromancy     | 5 6 7 |  7.0
Dodging        | 3 4 5 |  5.6
Spellcasting   | 4 5 6 |  6.3
Fire Magic     | 1 |  1.1
Stealth        | |  2.4

Action                   |  1- 3 |  4- 6 |  7- 9 || total
-------------------------+-------+-------+-------++-------
Melee: Unarmed           |     8 |     2 |       ||    10
       Whip              |       |     9 |       ||     9
       Rapier            |       |    35 |     4 ||    39
 Cast: Pain              |    64 |    97 |     3 ||   164
       Animate Dead      |       |     8 |     2 ||    10
       Vampiric Draining |       |     3 |     2 ||     5
       Agony             |       |       |     1 ||     1
  Use: Scroll            |       |     4 |       ||     4
Armor: Robe              |     3 |    16 |     1 ||    20
Dodge: Dodged            |     7 |    54 |     2 ||    63
Block: Other             |     3 |    20 |     1 ||    24
       Reflection        |     1 |     2 |       ||     3

Table legend: (Time is in decaauts)
 A = Elapsed time spent in this place.
 B = Non-inter-level travel time spent in this place.
 C = Inter-level travel time spent in this place.
 D = Time resting spent in this place.
 E = Time spent auto-exploring this place.
 F = Levels seen in this place.
 G = Mean time per level.
                   A        B        C        D        E       F      G
               +--------+--------+--------+--------+--------+-----+--------+
         Total |   7559 |   7482 |     77 |      0 |   6559 |   6 | 1259.8 |
       Dungeon |   7559 |   7482 |     77 |      0 |   6559 |   6 | 1259.8 |
               +--------+--------+--------+--------+--------+-----+--------+

Top non-repeatable levels by time:
     D:5: 1933 daAuts
     D:1: 1659 daAuts
     D:3: 1373 daAuts
     D:2: 1332 daAuts
     D:4: 741 daAuts
     D:6: 518 daAuts
